 Dungeon Crawl Stone Soup version 0.29.0-11-gd7f09526c8 (webtiles) character file.

Game seed: 7770099632277863017

7 Adrian566 the Shield-Bearer (level 1, -3/17 HPs)
             Began as a Vampire Fighter on Sept 6, 2022.
             Slain by a gnoll
             ... wielding a +0 flail
              (10 damage)
             ... on level 1 of the Dungeon.
             The game lasted 00:00:12 (110 turns).

Adrian566 the Shield-Bearer (Vampire Fighter)        Turns: 110, Time: 00:00:12

Health: -3/17      AC:  6    Str: 15    XL:     1   Next: 91%
Magic:  1/1        EV:  8    Int: 10    God:
Gold:   0          SH:  4    Dex: 13    Spells: 0/0 levels left

rFire   . . .      SeeInvis +   a - +0 long sword
rCold   . . .      Faith    .   c - +0 buckler
rNeg    . . .      Spirit   .   b - +0 scale mail
rPois   .          Reflect  .   (no helmet)
rElec   .          Harm     .   (no cloak)
rCorr   .          Rampage  .   (no gloves)
Will    .....                   (no boots)
Stlth   ..........              (no amulet)
HPRegen 0.25/turn               (no ring)
MPRegen 0.07/turn               (no ring)

@: healing quickly
A: alive, fangs 3, see invisible, vampiric 1
a: Exsanguinate


You were on level 1 of the Dungeon.
You visited 1 branch of the dungeon, and saw 1 of its levels.

Inventory:

Hand Weapons
 a - a +0 long sword (weapon)
Armour
 b - a +0 scale mail (worn)
 c - a +0 buckler (worn)
Potions
 d - a potion of might


   Skills:
 + Level 2.8 Fighting
 + Level 2.1 Long Blades
 + Level 2.4 Armour
 + Level 3.0 Shields


You couldn't memorise any spells.
You didn't know any spells.
Your spell library contained the following spells:

 Spells                   Type           Power      Damage    Failure   Level
 Ozocubu's Armour         Ice            0%         N/A       99%         3
 Metabolic Englaciation   Hex/Ice        0%         N/A       100%        5
 Simulacrum               Ice/Necr       0%         N/A       100%        6


Dungeon Overview and Level Annotations

Branches:
Dungeon (1/15)

Altars:


Innate Abilities, Weirdness & Mutations

Your natural rate of healing is accelerated.
You have razor-sharp teeth.
You have supernaturally acute eyesight. (SInv)
You are afflicted with vampirism.


Message History

You kill the jackal!
Your Shields skill increases to level 3!
No target in view!
No target in view!
No target in view!
No target in view!
No target in view!
No target in view!
No target in view!
No target in view!
No target in view!
No target in view!
No target in view!
Found a leather armour.
Found a chain mail.
A gnoll comes into view. It is wielding a +0 flail.
The gnoll hits you with a +0 flail.
You barely miss the gnoll. Your bite misses the gnoll.
The gnoll hits you with a +0 flail.
You are too injured to fight recklessly!
You are too injured to fight recklessly!
You are too injured to fight recklessly!
You are too injured to fight recklessly!
You are too injured to fight recklessly!
You are too injured to fight recklessly!
You are too injured to fight recklessly!
You are too injured to fight recklessly!
You are too injured to fight recklessly!
You are too injured to fight recklessly!
You are too injured to fight recklessly!
You are too injured to fight recklessly!
A gnoll is nearby!
You closely miss the gnoll. You bite the gnoll.
The gnoll is heavily wounded.
The gnoll misses you.
You hit the gnoll but do no damage.
The gnoll is heavily wounded.
The gnoll barely misses you. The gnoll hits you with a +0 flail!
Ouch! That really hurt!
You die...

....###.# #.#
........# #.#
.##.##### #.#
....# ###.#####
##### #.......#
# #.##.##.# #
#....# .# #
..#.#...##...#
#
.......@.....#
#
..#.#.#.g......
# # #.###.#.###
#### #. ...#
...# # .###
...... # ######


You could see a gnoll.

Vanquished Creatures
  A dart slug (D:1)
  3 jackals (D:1)
  A ball python (D:1)
5 creatures vanquished.

Notes
Turn   | Place    | Note
-------+----------+-------------------------------------------
     0 | D:1      | Adrian566 the Vampire Fighter began the quest for the Orb.
     0 | D:1      | Reached XP level 1. HP: 17/17 MP: 1/1
    46 | D:1      | Reached skill level 3 in Shields
   110 | D:1      | Slain by a gnoll

Illustrated notes

Levels and vault maps discovered:
D:1:      onia_arrival_handbag, layout_basic, shapermc_ecumenical_altar_petra

Skill      XL: |  1 |
---------------+----+-----
Shields        | 3 |  3.0
Fighting       | |  2.8
Long Blades    | |  2.1
Armour         | |  2.4

Action                   || total
-------------------------++-------
Melee: Long sword        ||    17
       Bite              ||     2
Armor: Scale mail        ||     7
Dodge: Dodged            ||    11
Block: Buckler           ||     3
